[Event "*** Titled Tuesday Blitz"]
[Site "Chess.com"]
[Date "2018.06.05"]
[Round "6"]
[White "VNeimer"]
[Black "Hrant_ChessMood"]
[Result "0-1"]
[WhiteElo "2478"]
[BlackElo "2916"]
[TimeControl "180+2"]
[EndTime "14:28:37 PDT"]
[Termination "Hrant_ChessMood won by resignation"]

1. d4 Nf6 2. Nf3 g6 3. g3 Bg7 4.
Bg2 O-O 5. O-O d6 6. c4 Nc6 7.
Nc3 Bf5 8. b3 Ne4 9. Nd5 e6 10.
Ne3 Nc3 11. Qd2 Nxd4 12. Nxd4 Bxd4 13. g4 Bxg4 14. Nxg4 Nxe2+ 15. Qxe2 Bxa1 16. Bb2 Bxb2 17. Qxb2 e5 18. f4 Qh4 19. h3 h5 20. Ne3 c6 21.
fxe5 Rae8 22. Qf2 Qxf2+ 23. Kxf2 dxe5 24. c5 e4 25. Nc4 f5 26. Nd6 Re7 27. Ke3 Kg7 28.
h4 Kf6 29. Kf4 e3 30. Re1 b6 31. b4 bxc5 32. bxc5 Rb8 33. Bxc6 Rb4+ 34. Kf3 Rxh4 35. Ne8+ Kf7 36. Nd6+ Kf6 37. Ne8+ Kg5 38. Nd6 Rf4+ 39. Kg2 h4 40. Bf3 h3+ 41. Kg3 h2 42.
c6 e2 43. Bg2 Rh7 44. Rxe2 Rg4+ 45. Kf3 Rh3+ 46. Bxh3 h1=Q+ 47. Bg2 Rf4+ 48. Ke3 Qc1+ 49. Rd2 Qc5+ 50. Ke2 Rf2+ 51. Kd1 Rxd2+ 0-1

[Event "*** Titled Tuesday Blitz"]
[Site "Chess.com"]
[Date "2018.06.05"]
[Round "6"]
[White "Triumphmate"]
[Black "Karina_Oparina"]
[Result "1/2-1/2"]
[WhiteElo "2150"]
[BlackElo "2183"]
[TimeControl "180+2"]
[EndTime "14:28:43 PDT"]
[Termination "Game drawn by repetition"]

1. e4 c6 2. d4 d5 3. Nc3 dxe4 4. Nxe4 Bf5 5. Ng3 Bg6 6. h4 h6 7. Nf3 Nd7 8. h5 Bh7 9. Bd3 Bxd3 10. Qxd3 e6 11.
Bd2 Qc7 12. O-O-O Ngf6 13. Ne4 O-O-O 14. Kb1 c5 15. dxc5 Nxc5 16. Nxc5 Rxd3 17. Nxd3 Bd6 18. Bc3 Rd8 19. Nd4 Ne4 20. Be1 a6 21. f3 Nc5 22.
Bf2 Nxd3 23. Rxd3 Bc5 24. Rhd1 e5 25. Nb3 Rxd3 26. Rxd3 Bxf2 27. Rc3 Qxc3 28. bxc3 Kd7 29. Kc1 f5 30. Kd2 Kd6 31. Kd3 b5 32. c4 Kc6 33.
cxb5+ Kxb5 34. Nd2 Kc5 35. g4 fxg4 36. Ne4+ Kb4 37. Nxf2 g3 38. Nh3 a5 39. Ke4 Kc3 40.
Kxe5 Kxc2 41. Kf5 Kb2 42. Kg4 Kxa2 43. Kxg3 a4 44. Nf4 a3 45. Nd3 Kb1 46. Nb4 Kb2 47. Kg4 Kb3 48. Nd3 Kc2 49. Nb4+ Kb3 50. Nd3 Kc3 51.
Nc1 Kb2 52. Nd3+ Kc2 53. Nb4+ Kb3 54. Nd3 Kc3 55. Nc1 Kb2 56. Nd3+ Kc2 57. Nb4+ Kb3 58. Nd3 Kc2 59. Nb4+ Kb3 1/2-1/2

[Event "*** Titled Tuesday Blitz"]
[Site "Chess.com"]
[Date "2018.06.05"]
[Round "6"]
[White "Sameer555"]
[Black "leoo2001"]
[Result "0-1"]
[WhiteElo "2191"]
[BlackElo "2356"]
[TimeControl "180+2"]
[EndTime "14:28:44 PDT"]
[Termination "leoo2001 won by resignation"]

1. e4 e6 2. d4 d5 3. Bd3 dxe4 4.
Bxe4 Nf6 5. Bf3 c5 6. Ne2 Nc6 7.
Be3 cxd4 8. Nxd4 Bd7 9. Nc3 Be7 10. Qe2 O-O 11. O-O-O Qc8 12. g4 Nxd4 13. Bxd4 Bc6 14.
g5 Nd7 15. h4 Re8 16. h5 Bxg5+ 17. Kb1 e5 18. Be3 Bxf3 19. Qxf3 Bxe3 20. fxe3 Nf6 21.
h6 e4 22. Qf1 Qe6 23. hxg7 Rad8 24. Rc1 h5 25. Qf4 Kh7 26. Rcf1 Rd6 27. Qg5 Qg4 28.
Qxg4 Nxg4 29. Rxf7 Rh6 30. Nd5 Rg8 31. Ne7 Rxg7 32.
Rxg7+ Kxg7 33. Nf5+ Kg6 34. Nxh6 Kxh6 35. Rh3 Kg5 36.
c4 h4 37. b4 Ne5 38. c5 Kg4 39. Rh1 Nd3 40. a3 h3 41. Kc2 a6 42. Kc3 Nf2 43.
Rb1 Kf3 44. Kd4 h2 45. a4 Ke2 46. b5 axb5 47. axb5 Nd1 48. c6 bxc6 49. bxc6 h1=Q 50. c7 Qh8+ 51. Kc5 Nc3 52. Rb8 Qe5+ 53. Kb6 Nd5+ 0-1

[Event "*** Titled Tuesday Blitz"]
[Site "Chess.com"]
[Date "2018.06.05"]
[Round "6"]
[White "Fandorine"]
[Black "Shant_Sargsyan"]
[Result "1-0"]
[WhiteElo "2735"]
[BlackElo "2891"]
[TimeControl "180+2"]
[EndTime "14:28:45 PDT"]
[Termination "Fandorine won on time"]

1. Nf3 d5 2. g3 g6 3. Bg2 Bg7 4. d4 Nf6 5. O-O O-O 6. c3 c6 7. Nbd2 Bf5 8. Re1 Nbd7 9. Nh4 Be6 10. e4 dxe4 11. Nxe4 Nxe4 12. Bxe4 Nf6 13. Bg2 Bd5 14. Bg5 Bxg2 15. Nxg2 Re8 16. Qb3 Qd7 17. Re2 e6 18. Rae1 Nd5 19. h4 a5 20. a4 b5 21. h5 Rab8 22.
Nf4 h6 23. Nxd5 hxg5 24. Ne3 gxh5 25. Qd1 bxa4 26. Qxa4 Rb5 27. Qd1 h4 28. gxh4 gxh4 29. f4 c5 30. d5 c4 31. Rg2 f5 32. dxe6 Qxd1 33. Rxd1 Rb7 34. Rd6 Kh7 35. Nxf5 Bf8 36. Rc6 a4 37. Rg4 a3 38. bxa3 Bxa3 39. e7 Rb1+ 40.
Kh2 1-0

[Event "*** Titled Tuesday Blitz"]
[Site "Chess.com"]
[Date "2018.06.05"]
[Round "6"]
[White "GadimbayliA"]
[Black "Beca95"]
[Result "1-0"]
[WhiteElo "2516"]
[BlackElo "2770"]
[TimeControl "180+2"]
[EndTime "14:28:48 PDT"]
[Termination "GadimbayliA won by resignation"]

1. e4 c6 2. Nf3 d5 3. exd5 cxd5 4. Ne5 e6 5. d4 Nc6 6. Bb5 Bd7 7. Nxd7 Qxd7 8.
O-O Bd6 9. Nd2 a6 10. Bxc6 Qxc6 11.
Nf3 Ne7 12. c3 b5 13. a4 O-O 14. Bg5 Nf5 15. Re1 h6 16. Bd2 a5 17. Ne5 Bxe5 18.
Rxe5 bxa4 19. Rxa4 Rfb8 20. Bc1 Ra7 21. Re2 Nd6 22.
Bf4 Rb5 23. b4 Nc4 24. Rea2 Ra6 25. Qd3 Rbb6 26. bxa5 Rb5 27. Rb4 g5 28. Be5 Ra8 29. Qb1 Rxb4 30. Qxb4 Nxe5 31. dxe5 Qc7 32. g3 Rb8 33.
Qd4 Rb1+ 34. Kg2 Qb7 35. a6 Qb5 36. c4 dxc4 37. a7 c3 38. a8=Q+ Kg7 39. Qad8 Qf1+ 40. Kf3 Qh1+ 41. Kg4 h5+ 42. Kxg5 Rb5 43. Qf6+ Kg8 44.
Qdd8+ 1-0

[Event "*** Titled Tuesday Blitz"]
[Site "Chess.com"]
[Date "2018.06.05"]
[Round "6"]
[White "nicegg"]
[Black "tteshan"]
[Result "1-0"]
[WhiteElo "1896"]
[BlackElo "1968"]
[TimeControl "180+2"]
[EndTime "14:28:53 PDT"]
[Termination "nicegg won by resignation"]

1. e4 c5 2. Qh5 e6 3. f4 Nf6 4.
Qf3 Nc6 5. c3 d5 6. d3 dxe4 7.
dxe4 Be7 8. g4 a6 9. g5 Nd7 10.
h4 Qc7 11. Be3 b6 12. Nd2 Bb7 13. Ne2 h6 14. Ng3 hxg5 15. hxg5 O-O-O 16. Rh5 g6 17. Rh3 Rxh3 18. Bxh3 Rh8 19. Qg2 Kb8 20. O-O-O Bd6 21. Rf1 b5 22. Bg4 Qa5 23. Kb1 Qc7 24. Qf2 c4 25. e5 Be7 26. Nge4 a5 27. Bf3 Nd8 28. Nf6 Bxf6 29. gxf6 Bxf3 30. Qxf3 Nb7 31. Ne4 Ndc5 32. Bxc5 Nxc5 33. Nd6 Nd3 34. Rh1 Rxh1+ 35. Qxh1 Nxf4 36. Qh8+ Ka7 37. Nxb5+ Kb7 38. Nxc7 Kxc7 39. Qf8 Kc6 40.
Qxf7 Kd5 41. Qc7 g5 42. f7 Ng6 43. f8=Q Nxf8 44. Qd6+ Ke4 45. Qxf8 Kxe5 46. Qc5+ Kf6 47. Qxc4 Kf5 48. Kc2 e5 49. Kd2 g4 50. Ke3 g3 51.
Kf3 1-0

[Event "*** Titled Tuesday Blitz"]
[Site "Chess.com"]
[Date "2018.06.05"]
[Round "6"]
[White "murmah2003"]
[Black "Angulo07"]
[Result "1/2-1/2"]
[WhiteElo "2488"]
[BlackElo "2423"]
[TimeControl "180+2"]
[EndTime "14:28:54 PDT"]
[Termination "Game drawn by agreement"]

1. Nf3 d5 2. c4 Nf6 3. cxd5 Nxd5 4.
Nc3 e6 5. d4 c5 6. e4 Nxc3 7.
bxc3 cxd4 8. cxd4 Nc6 9. Bc4 Bb4+ 10. Bd2 Bxd2+ 11. Qxd2 O-O 12. O-O Qf6 13. Rac1 Rd8 14. Rfd1 Nxd4 15. Nxd4 e5 16. Bd5 exd4 17. Rc4 Be6 18.
Rxd4 Bxd5 19. Rxd5 Rxd5 20. Qxd5 Qe7 21. g3 g6 22. Rb1 Rb8 23. e5 b6 24. Rc1 Re8 25. f4 Rd8 26. Qe4 Qa3 27. Rc2 b5 28. Kg2 Qd3 29. Qc6 Rd7 30. e6 Re7 31. exf7+ Kxf7 32. Qc5 a6 33. Rf2 Qe4+ 34. Kg1 h5 35. f5 Rd7 36. fxg6+ Kxg6 37. Qb6+ Kh7 38. Rf1 h4 39. Qf6 hxg3 40.
hxg3 Qd4+ 41. Qxd4 Rxd4 42. Rf7+ Kg6 43. Rf2 Rd3 44.
Kg2 b4 45. Kh3 a5 46. Rc2 a4 47. Rc4 b3 48. axb3 axb3 49. Rb4 Kg5 50. Rb5+ Kg6 51. Kh4 1/2-1/2

[Event "*** Titled Tuesday Blitz"]
[Site "Chess.com"]
[Date "2018.06.05"]
[Round "6"]
[White "DSCC1"]
[Black "Colombiano07"]
[Result "1/2-1/2"]
[WhiteElo "2158"]
[BlackElo "2244"]
[TimeControl "180+2"]
[EndTime "14:28:56 PDT"]
[Termination "Game drawn by repetition"]

1. d4 Nf6 2. Nf3 g6 3. Bf4 Bg7 4. e3 O-O 5. Be2 c5 6. c3 d6 7. dxc5 dxc5 8. Qxd8 Rxd8 9. O-O Nc6 10. Na3 Bf5 11.
Rfd1 Nd5 12. Bg3 Bf6 13. Nc4 b6 14. Nfe5 Nxe5 15. Bxe5 Kg7 16. Bxf6+ Nxf6 17. Bf3 Be4 18. Bxe4 Nxe4 19. f3 Nd6 20. Nxd6 Rxd6 21. Rxd6 exd6 22. e4 Kf6 23. Rd1 Ke6 24. Kf2 f5 25. exf5+ gxf5 26. Ke3 Ke5 27. c4 f4+ 28. Kf2 b5 29. Re1+ Kf5 30. Rd1 Ke6 31. Re1+ Kd7 32. Re4 bxc4 33. Rxc4 Rb8 34. b3 Rf8 35. b4 Kc6 36. bxc5 d5 37.
Ra4 Kxc5 38. Rxa7 Rb8 39. g3 Rb2+ 40. Kg1 fxg3 41. hxg3 Kd4 42. Kf1 Ke3 43. f4 d4 44.
Re7+ Kf3 45. Ke1 Rxa2 46. Rxh7 d3 47. Kd1 Rf2 48. f5 Kxg3 49. f6 Rxf6 50. Kd2 Rd6 51. Rf7 Kg4 52. Rf1 Kg3 53. Rf8 Kg4 54. Rf1 Kg3 55.
Rf8 Kg4 56. Rf1 Kg3 57. Rf8 Kg4 1/2-1/2

[Event "*** Titled Tuesday Blitz"]
[Site "Chess.com"]
[Date "2018.06.05"]
[Round "6"]
[White "rasmussvane"]
[Black "Anton_Demchenko"]
[Result "0-1"]
[WhiteElo "2589"]
[BlackElo "2771"]
[TimeControl "180+2"]
[EndTime "14:28:57 PDT"]
[Termination "Anton_Demchenko won by resignation"]

1. Nf3 Nf6 2. c4 g6 3. Nc3 Bg7 4. e4 d6 5. d4 O-O 6. Be2 Na6 7. O-O e5 8. Be3 c6 9. Qc2 Ng4 10. Bg5 f6 11. Bh4 Kh8 12. Rad1 Qe8 13. Rfe1 Nh6 14.
Bg3 Nf7 15. Qd2 Bh6 16. Qc2 Bd7 17. a3 Rc8 18. b4 Nc7 19. c5 exd4 20. Nxd4 dxc5 21.
bxc5 Ne6 22. Nb3 Nf4 23. Bf1 Ne5 24. Na5 b6 25. cxb6 axb6 26. Nc4 Rb8 27. Rd6 b5 28. Nxe5 fxe5 29. Red1 Rb7 30. Na2 Qf7 31. Nb4 Bg7 32. Nxc6 Rc8 33. Qc5 Qe8 34. Rc1 Bf8 35. Bxf4 exf4 36.
Qd4+ Kg8 37. Qd5+ Kh8 38. e5 Bxd6 39. Qxd6 Rxc6 40. Rxc6 Bxc6 41. Qf6+ Rg7 42. Qxf4 Bd5 43. Qf6 Qe7 44. Qa6 Qxe5 45. Qc8+ Bg8 46. Qc5 Qxc5 0-1

[Event "*** Titled Tuesday Blitz"]
[Site "Chess.com"]
[Date "2018.06.05"]
[Round "6"]
[White "Arystanner23"]
[Black "PrinceMurad09"]
[Result "1-0"]
[WhiteElo "2633"]
[BlackElo "2424"]
[TimeControl "180+2"]
[EndTime "14:28:57 PDT"]
[Termination "Arystanner23 won by resignation"]

1. e4 c5 2. Nf3 d6 3. Nc3 Nf6 4. e5 dxe5 5. Nxe5 Nbd7 6. Bb5 a6 7. Bxd7+ Nxd7 8. d4 cxd4 9. Qxd4 Nxe5 10. Qxe5 e6 11.
Bf4 Qf6 12. O-O-O Qxe5 13. Bxe5 f6 14. Bc7 Bd7 15. Ne4 Rc8 16. Nd6+ Bxd6 17. Bxd6 e5 18. b3 Bf5 19. Rd2 Kf7 20. Kb2 b5 21. Rhd1 Rc6 22. c3 Rhc8 23. Bb4 Be6 24. f3 h5 25. Rd8 Rxd8 26. Rxd8 Bf5 27. a4 bxa4 28. bxa4 e4 29. fxe4 Bxe4 30. g3 Bf5 31. a5 Be6 32.
Rb8 Rc7 33. Rb6 Bc4 34. Bd6 Rc8 35. Ka3 Bb5 36. Kb4 g6 37. Bc5 g5 38. Rxb5 axb5 39. Kxb5 Ke6 40. a6 Kd5 41. c4+ Ke6 42. a7 Kd7 43.
Kb6 Rc6+ 44. Kb7 Rc7+ 45. Ka6 Rc8 46. Bd4 Rxc4 47. a8=Q Ra4+ 48. Kb7 Rxa8 49. Kxa8 Ke6 50. Kb7 h4 51. gxh4 gxh4 52. Kc6 f5 53. Bf2 h3 54.
Bg3 Kf6 55. Kd5 Kg5 56. Ke5 Kg4 57. Bf4 Kf3 58. Kxf5 Kf2 59. Kg4 Kg2 60. Bg3 1-0

[Event "*** Titled Tuesday Blitz"]
[Site "Chess.com"]
[Date "2018.06.05"]
[Round "6"]
[White "AsaHoffmann"]
[Black "guillembaches"]
[Result "1/2-1/2"]
[WhiteElo "2075"]
[BlackElo "2216"]
[TimeControl "180+2"]
[EndTime "14:29:01 PDT"]
[Termination "Game drawn by agreement"]

1. d4 Nf6 2. Bg5 e6 3. Nd2 h6 4. Bh4 c5 5. e3 b6 6. Ngf3 Bb7 7. Bd3 Be7 8. Qe2 d6 9. O-O Nbd7 10. c3 a6 11. h3 cxd4 12. exd4 O-O 13. Bg3 Re8 14. Nc4 Qc7 15. Nfd2 Bf8 16. Rfe1 Bd5 17. Ne3 Bb7 18. Ng4 Qc6 19. f3 e5 20. dxe5 Nxg4 21. hxg4 Nxe5 22.
Be4 d5 23. Bc2 Nxg4 24. Qd3 Nf6 25. Nb3 g6 26. Nd4 Qd7 27. Rxe8 Rxe8 28. Re1 Nh5 29. Rxe8 Qxe8 30. Bf2 Bd6 31. Qe3 Qxe3 32. Bxe3 Bf4 33. Bf2 Bc1 34. b3 b5 35. Ne2 Bd2 36. Bd4 Kf8 37.
Kf2 Ke7 38. a4 Nf4 39. axb5 axb5 40. Nxf4 Bxf4 41. Bd3 Bc6 42. g3 Bd6 43. f4 Ke6 44.
Kf3 h5 45. Ke3 Be7 46. Be2 f5 47. Bf3 h4 48. gxh4 Bxh4 49. c4 bxc4 50. bxc4 Bd8 51. Be5 Bb6+ 52. Kd2 g5 53. Bg2 Bc5 54. Ke2 Bd6 55.
Bxd6 Kxd6 56. cxd5 Bxd5 57. Bxd5 gxf4 58. Bf3 Kc7 59. Kd3 Kb6 1/2-1/2

[Event "*** Titled Tuesday Blitz"]
[Site "Chess.com"]
[Date "2018.06.05"]
[Round "6"]
[White "champ2005"]
[Black "Fianchettoed-Tower"]
[Result "1-0"]
[WhiteElo "2549"]
[BlackElo "2328"]
[TimeControl "180+2"]
[EndTime "14:29:05 PDT"]
[Termination "champ2005 won by resignation"]

1. e4 g6 2. d4 Bg7 3. Nf3 d6 4. Bc4 Nf6 5. Qe2 O-O 6. O-O Bg4 7. Nbd2 Nc6 8. c3 Nd7 9. h3 Bxf3 10. Nxf3 e5 11.
Bg5 Qe8 12. Rad1 h6 13. Bh4 Kh7 14. Rfe1 a6 15. Bd5 Rb8 16. a3 Ne7 17. Ba2 Nc6 18. b4 Ne7 19. Bb3 b5 20. Rd3 Nc6 21. Bd5 Nb6 22.
Ba2 Ra8 23. dxe5 Nxe5 24. Nxe5 Qxe5 25. Bg3 Qe7 26. Re3 Rfe8 27. Qd3 Be5 28. f4 Bg7 29. R3e2 a5 30. Bb3 axb4 31. axb4 Ra3 32. Qc2 Nc4 33. e5 dxe5 34. fxe5 Qe6 35. Re4 Rea8 36. Kh2 h5 37. Rf1 Kg8 38. Bxc4 bxc4 39. Qd2 Ra2 40. Qd4 Rc2 41.
Qxc4 Raa2 42. Rg1 Qf5 43. Rf4 Qe6 44. Qxe6 fxe6 45. Rc4 g5 46. h4 gxh4 47. Rxh4 Rxc3 48. Rxh5 Rb2 49. Rg5 Rxb4 50. Rd1 Rbb3 51. Rd8+ Kh7 52. Rd7 Kh6 53. Rdxg7 1-0

[Event "*** Titled Tuesday Blitz"]
[Site "Chess.com"]
[Date "2018.06.05"]
[Round "6"]
[White "Arash-Tiger"]
[Black "attack2mateU"]
[Result "1-0"]
[WhiteElo "2796"]
[BlackElo "2686"]
[TimeControl "180+2"]
[EndTime "14:29:09 PDT"]
[Termination "Arash-Tiger won by resignation"]

1. e4 c5 2. Nf3 d6 3. d4 cxd4 4. Nxd4 Nf6 5. Nc3 a6 6. Bg5 Nbd7 7. Qe2 b5 8. g3 Bb7 9. Bg2 e5 10. Nf5 h6 11. Bxf6 Nxf6 12. O-O-O Qc7 13. a3 g6 14. Ne3 Be7 15. Ncd5 Bxd5 16. Nxd5 Nxd5 17. Rxd5 O-O 18. h4 Rab8 19. h5 g5 20. b3 Qc3 21.
Kb1 Rfc8 22. Bh3 Rc7 23. Rhd1 a5 24. Qd3 Qc6 25. Bf5 Kg7 26. Bh3 Qb6 27. Rd2 Rbb7 28.
Bf1 b4 29. a4 Rc3 30. Qa6 Qxa6 31. Bxa6 Ra7 32. Be2 Kf6 33. Rb5 Rc5 34. Rxc5 dxc5 35. Bc4 Rb7 36. Rd5 Rc7 37. Kc1 Rb7 38. Kd1 Rb8 39.
Ke2 Rd8 40. g4 Rxd5 41. Bxd5 Bd8 42. Kd3 Ke7 43. Kc4 Kd6 44. Bxf7 Bc7 45. Kb5 Bd8 46. Ka6 Bc7 47. Kb7 Bd8 48. Bc4 Bc7 49. f4 gxf4 50. g5 hxg5 51. Kc8 Ke7 52. Kxc7 g4 53. Be2 f3 54. Bd1 Kf6 55. Kd6 Kg5 56. Kxe5 Kxh5 57. Kf4 f2 58. Be2 Kh4 59. Bf1 g3 60. e5 1-0

[Event "*** Titled Tuesday Blitz"]
[Site "Chess.com"]
[Date "2018.06.05"]
[Round "6"]
[White "nihalsarin"]
[Black "NikolaGry"]
[Result "1-0"]
[WhiteElo "2755"]
[BlackElo "2602"]
[TimeControl "180+2"]
[EndTime "14:29:10 PDT"]
[Termination "nihalsarin won on time"]

1. c4 e6 2. Nc3 d5 3. d4 Nf6 4.
Nf3 Bb4 5. Bg5 Nbd7 6. cxd5 exd5 7.
Qc2 c5 8. dxc5 Qa5 9. Bd2 Qxc5 10. Rc1 d4 11. Ne4 Qxc2 12. Rxc2 d3 13. exd3 Bxd2+ 14. Rxd2 O-O 15. Be2 Re8 16. Nd6 Rd8 17. O-O Nb6 18. Nxc8 Raxc8 19. d4 Ne4 20. Rdd1 Nd6 21. Rc1 g6 22. g3 Nf5 23. Rxc8 Rxc8 24. Bd3 Nxd4 25. Nxd4 Rd8 26. Bxg6 hxg6 27. Nf3 Nc4 28. Rc1 Nd2 29. Ne5 Rd5 30. f4 Ne4 31. Rc8+ Kg7 32. Rc7 Nd6 33. Rd7 Rd1+ 34. Kg2 Rd2+ 35. Kh3 Ne4 36. Rxf7+ Kg8 37. Rxb7 Nf2+ 38. Kh4 Ne4 39. Ng4 Nd6 40. Rxa7 Kf8 41. Kg5 Rd5+ 42. Ne5 Rd2 43. Nxg6+ Ke8 44. f5 Rf2 45. g4 Ne4+ 46. Kh6 Rxh2+ 47. Kg7 Rg2 48. Re7+ Kd8 49. Rxe4 1-0

[Event "*** Titled Tuesday Blitz"]
[Site "Chess.com"]
[Date "2018.06.05"]
[Round "6"]
[White "grzechu96"]
[Black "Dr-Bassem"]
[Result "1-0"]
[WhiteElo "2510"]
[BlackElo "2662"]
[TimeControl "180+2"]
[EndTime "14:29:10 PDT"]
[Termination "grzechu96 won by resignation"]

1. e4 e5 2. Nf3 Nc6 3. d4 exd4 4. Nxd4 Nf6 5. Nxc6 bxc6 6. e5 Qe7 7. Qe2 Nd5 8.
c4 Ba6 9. Nd2 g6 10. Nf3 Bg7 11. Bg5 f6 12. exf6 Qxe2+ 13. Bxe2 Nxf6 14. O-O-O O-O-O 15. Nd2 Rde8 16. Bf3 c5 17. Rhe1 Bb7 18. Bxb7+ Kxb7 19. f3 d6 20. Kc2 Nd7 21. Ne4 Ne5 22.
b3 Nc6 23. Bf6 Nb4+ 24. Kb1 Rxe4 25. Bxg7 Rxe1 26. Rxe1 Rd8 27. Bc3 Nc6 28. Kc2 Kc8 29. Re4 Rf8 30. Kd3 Kd7 31. Ke3 Ne7 32. Kf2 c6 33.
Bb2 Nf5 34. g4 Ne7 35. Kg3 a5 36. Bc3 Ra8 37. Rf4 a4 38. Rf7 axb3 39. axb3 Ke6 40.
Rxh7 Ra3 41. Bd2 Rxb3 42. Bg5 Nc8 43. Rg7 Ke5 44. Rxg6 Kd4 45. h4 Kxc4 46. h5 d5 47. h6 Rb7 48. Rg7 Rb1 49. h7 Rh1 50. Bh4 1-0

[Event "*** Titled Tuesday Blitz"]
[Site "Chess.com"]
[Date "2018.06.05"]
[Round "6"]
[White "kuli4ik"]
[Black "OparinGrigoriy"]
[Result "1-0"]
[WhiteElo "2709"]
[BlackElo "2883"]
[TimeControl "180+2"]
[EndTime "14:29:12 PDT"]
[Termination "kuli4ik won by resignation"]

1. d4 Nf6 2. Bg5 e6 3. e4 h6 4.
Bxf6 Qxf6 5. c3 d5 6. Nd2 c5 7. Ngf3 cxd4 8. Bb5+ Bd7 9. Bxd7+ Nxd7 10. Nxd4 dxe4 11.
Nxe4 Qe5 12. Qe2 Nc5 13. Qb5+ Nd7 14. Qe2 f5 15. Ng3 Qxe2+ 16. Ngxe2 Kf7 17. O-O-O Nf6 18. Rhe1 Re8 19. Nb5 a6 20. Nd6+ Bxd6 21. Rxd6 Re7 22.
f3 e5 23. b3 Rc8 24. Kb2 g6 25. c4 e4 26. f4 Ng4 27. h3 Ne3 28. g3 Rxc4 29.
Nc3 Rxc3 30. Kxc3 Rc7+ 31. Kb2 Rc2+ 32. Kb1 Rc3 33. Rd2 b5 34. Rd6 a5 35. g4 Ng2 36. Rc1 Rxc1+ 37. Kxc1 Nxf4 38. gxf5 gxf5 39. Rxh6 Nd5 40. Kd2 f4 41. Rd6 Nf6 42. a4 bxa4 43. bxa4 Ke7 44. Ra6 e3+ 45. Kd3 Nd5 46. Rxa5 Nb4+ 47.
Ke2 Ke6 48. Kf3 Nc2 49. Kxf4 Kf6 50. Ra6+ Kf7 51. Kf3 Nb4 52. Rb6 1-0

[Event "*** Titled Tuesday Blitz"]
[Site "Chess.com"]
[Date "2018.06.05"]
[Round "6"]
[White "Swarnapuri"]
[Black "Bryakin_Mikhail"]
[Result "0-1"]
[WhiteElo "2453"]
[BlackElo "2650"]
[TimeControl "180+2"]
[EndTime "14:29:12 PDT"]
[Termination "Bryakin_Mikhail won by resignation"]

1. d4 Nf6 2. Bf4 d5 3. e3 c5 4. c3 Nc6 5. Nd2 Bf5 6. Ngf3 e6 7. Qb3 Qb6 8. Qxb6 axb6 9. Bb5 Nd7 10. Ne5 Ndxe5 11. Bxe5 Kd7 12. Bg3 Bd6 13. Nf3 f6 14. Kd2 Ra5 15. a4 h6 16. Rhc1 c4 17. Nh4 Bh7 18. Nf3 Bxg3 19. hxg3 Kd6 20. Bxc6 bxc6 21. Ra3 Rha8 22. Rca1 e5 23. Kc1 c5 24. Nd2 cxd4 25.
cxd4 exd4 26. exd4 Re8 27. b4 Ra7 28. Re3 Rae7 29.
Raa3 Bd3 30. a5 Rxe3 31. fxe3 Ra8 32. Nb1 Bxb1 33. Kxb1 Kc6 34. Kc2 bxa5 35. bxa5 Kb5 36. Kc3 Rxa5 37. Rxa5+ Kxa5 38. e4 dxe4 39. Kxc4 f5 40.
d5 Kb6 41. g4 g6 42. Kd4 Kc7 43. Kc4 Kd6 44. Kd4 h5 45. gxh5 gxh5 46. g3 Kd7 47. Kc4 Ke7 48. Kc3 f4 0-1

[Event "*** Titled Tuesday Blitz"]
[Site "Chess.com"]
[Date "2018.06.05"]
[Round "6"]
[White "Albertu"]
[Black "Morshynska"]
[Result "0-1"]
[WhiteElo "2316"]
[BlackElo "2241"]
[TimeControl "180+2"]
[EndTime "14:29:14 PDT"]
[Termination "Morshynska won by resignation"]

1. e4 e5 2. Nf3 Nc6 3. Bb5 a6 4. Ba4 Nf6 5. O-O b5 6. Bb3 Bb7 7. c3 Nxe4 8. d4 Na5 9. Bxf7+ Kxf7 10. Nxe5+ Kg8 11. Qh5 Qe8 12. Qh3 Qe6 13. Qh5 d6 14. Nd3 Nf6 15. Qh4 Qg4 16. Qxg4 Nxg4 17. f3 Nf6 18. b3 Be7 19. Bd2 Kf7 20. Na3 Nc6 21. Nc2 Rhe8 22. c4 Bf8 23. Kf2 g6 24. a4 bxc4 25. bxc4 Rab8 26. Rab1 Bc8 27. Rxb8 Nxb8 28.
Rb1 Bf5 29. Nce1 Nc6 30. Bc3 Rb8 31. Rc1 Rb3 32. d5 Nd8 33. g4 Bxd3 34. Nxd3 Nb7 35.
Rc2 Nd7 36. Nc1 Rb1 37. Ne2 Bg7 38. Bd2 Nbc5 39. a5 Ne5 40. h3 Ned3+ 41. Ke3 Rb2 42.
Rxb2 Nxb2 43. Be1 Nxc4+ 44. Kf2 Nd3+ 45. Kf1 Ne3+ 46. Kg1 Nxe1 47. Kf2 N1c2 0-1

[Event "*** Titled Tuesday Blitz"]
[Site "Chess.com"]
[Date "2018.06.05"]
[Round "6"]
[White "kungmongmanh"]
[Black "Jooonaaas1996"]
[Result "0-1"]
[WhiteElo "2381"]
[BlackElo "2293"]
[TimeControl "180+2"]
[EndTime "14:29:14 PDT"]
[Termination "Jooonaaas1996 won by checkmate"]

1. d4 Nf6 2. c4 e6 3. Nc3 Bb4 4. Qc2 d5 5. cxd5 exd5 6. Bg5 h6 7. Bh4 c5 8. dxc5 Nc6 9. Nf3 g5 10. Bg3 Ne4 11. e3 Qa5 12. Bd3 Nxc3 13. O-O Bxc5 14. bxc3 Be6 15. h4 gxh4 16. Nxh4 Rg8 17. Kh2 Qd8 18. Rab1 Bd6 19. f4 Qc7 20. Rb2 O-O-O 21.
Rfb1 Na5 22. Bf5 b6 23. Rb5 Nc4 24. Qd3 Na3 25. R5b3 Nxb1 26. Rxb1 Qc4 27. Qd2 Be7 28. Bd3 Qc6 29. Bb5 Qc7 30. Nf3 Bd6 31. Ba6+ Kb8 32. Nd4 h5 33. Nb5 Qc5 34. Nxd6 Qxd6 35. Qf2 h4 36. Bxh4 Rh8 37. Kg1 Rdg8 38. Kf1 Bf5 39. Rd1 Be4 40. Bg3 Qc5 41. f5+ Ka8 42. Ke2 Rg4 43.
Ke1 Rhg8 44. f6 Rxg3 45. Qf4 Qxc3+ 46. Kf1 Rxg2 47. Qd6 Rg1+ 48. Kf2 R8g2# 0-1

[Event "*** Titled Tuesday Blitz"]
[Site "Chess.com"]
[Date "2018.06.05"]
[Round "6"]
[White "BasilSmash"]
[Black "goodtimes2020"]
[Result "1-0"]
[WhiteElo "2412"]
[BlackElo "2276"]
[TimeControl "180+2"]
[EndTime "14:29:14 PDT"]
[Termination "BasilSmash won by resignation"]

1. d4 e6 2. Nf3 b6 3. Bf4 Bb7 4. e3 f5 5. c4 Nf6 6. Nc3 Be7 7. Bd3 O-O 8. h3 Ne4 9. Qc2 d5 10. O-O Nd7 11. Ne5 Nxe5 12. Bxe5 Bf6 13. Bxe4 dxe4 14. Bxf6 Rxf6 15. Ne2 g5 16. Rad1 Qe7 17. d5 e5 18. Nc3 Rh6 19. Nb5 g4 20. Kh2 gxh3 21. g3 a6 22. Nc3 Kh8 23. f4 Rg8 24. fxe5 Qxe5 25. Rf4 Rhg6 26. Rg1 Rg4 27. Qf2 R8g5 28.
Qd2 h5 29. Ne2 h4 30. Rxg4 Rxg4 31. Qd4 Qxd4 32. Nxd4 b5 33. b3 bxc4 34. bxc4 Rg6 35. gxh4 Rb6 36. Kxh3 Rb4 37. Rc1 Rb2 38. Nxf5 Rxa2 39.
Kg4 Bc8 40. Rf1 Rg2+ 41. Kf4 Rc2 42. Ke5 Bxf5 43. Rxf5 Rxc4 44. Rf6 a5 45. Ra6 a4 46. h5 Kh7 47. h6 a3 48. Rxa3 Kxh6 49. Ra6+ Kg5 50.
Rc6 Ra4 51. Rxc7 Ra3 52. Kxe4 Kf6 53. Rc6+ Ke7 54. Kd4 Ra4+ 55. Ke5 Rh4 56. e4 Rh5+ 57. Kd4 Kd7 58. Rg6 Rh1 59. Rg7+ Ke8 60. d6 Kd8 61. Kd5 Rh5+ 62. e5 Rh6 63. Rg8+ Kd7 64. e6+ Rxe6 65.
Rg7+ 1-0

[Event "*** Titled Tuesday Blitz"]
[Site "Chess.com"]
[Date "2018.06.05"]
[Round "6"]
[White "Ind1anStar"]
[Black "vovachesss"]
[Result "0-1"]
[WhiteElo "2385"]
[BlackElo "2403"]
[TimeControl "180+2"]
[EndTime "14:29:14 PDT"]
[Termination "vovachesss won by checkmate"]

1. e4 e5 2. Nf3 d5 3. exd5 e4 4. Qe2 Nf6 5. Nc3 Be7 6. Nxe4 O-O 7. d3 Nxd5 8. Bd2 Re8 9. O-O-O f5 10. Ng3 Bf6 11. Be3 f4 12. Ne4 fxe3 13. fxe3 Nc6 14. Nxf6+ Qxf6 15. e4 Nf4 16. Qe3 Bg4 17. h3 Bxf3 18.
gxf3 a5 19. Rg1 a4 20. Rg4 Ne6 21. c3 a3 22. d4 axb2+ 23. Kxb2 Ne7 24. Bc4 Kh8 25.
e5 Qf7 26. d5 Nf8 27. Qe4 Nf5 28. Rf4 g6 29. e6 Qf6 30. Bb3 Nd7 31. exd7 Rxe4 32.
Rxe4 Nd6 33. Re6 Qf7 34. Rde1 Qxd7 35. Re7 Qd8 36. c4 Nf5 37. R7e6 Qf8 38. R6e4 Qa3+ 39. Kc2 Qc5 40. Kc3 b5 41. Kb2 bxc4 42. Bxc4 Qb4+ 43. Bb3 Nd4 44. Re8+ Rxe8 45. Rxe8+ Kg7 46. Rc8 Qd2+ 47. Ka3 Kf6 48. Rf8+ Ke7 49. Rh8 Kd6 50. Rxh7 Nb5+ 51. Ka4 Kc5 52. Rh4 Nd4 53. a3 Qd3 54. Rxd4 Qa6# 0-1